 Dungeon Crawl Stone Soup version 0.31-a0-810-ga77100ea1a (webtiles) character file.

Game seed: 8087011823113923684

105 Newt the Shooter (level 5, -1/35 HPs)
             Began as a Kobold Hunter on Sept 21, 2023.
             Killed from afar by Ijyb (17 damage)
             ... with a bolt of dispelling energy
             ... on level 3 of the Dungeon.
             The game lasted 00:01:36 (2016 turns).

Newt the Shooter (Kobold Hunter)                    Turns: 2016, Time: 00:01:37

Health: -1/35      AC:  3    Str:  8    XL:     5   Next: 8%
Magic:  5/5        EV: 14    Int: 11    God:
Gold:   179        SH:  0    Dex: 20    Spells: 4/4 levels left

rFire   . . .        a - +1 shortbow (flame)
rCold   . . .        (shield currently unavailable)
rNeg    . . .        c - +0 leather armour
rPois   .            (no helmet)
rElec   .            (no cloak)
rCorr   .            (no gloves)
SInv    .            (no boots)
Will    .....        (no amulet)
Stlth   +++          (no ring)
HPRegen 0.25/turn    (no ring)
MPRegen 0.09/turn

%: no passive effects
@: no status effects
A: small, no large weapons, nightstalker 3
a: no special abilities


You were on level 3 of the Dungeon.
You visited 1 branch of the dungeon, and saw 3 of its levels.

You collected 179 gold pieces.

Inventory:

Hand Weapons
 a - a +1 shortbow of flaming (weapon)
Armour
 c - a +0 leather armour (worn)
 m - a +0 kite shield
Jewellery
 e - a ring of wizardry
Wands
 f - a wand of iceblast (4)
Scrolls
 b - a scroll of butterflies
 j - a scroll of teleportation
 n - 2 scrolls of poison
Potions
 d - a potion of curing
 g - a potion of invisibility
 h - a potion of attraction
 i - a potion of brilliance {unknown}
 k - a potion of cancellation {unknown}
 l - 2 potions of haste {unknown}


   Skills:
 - Level 5.0 Fighting
 + Level 5.8 Ranged Weapons
 - Level 2.4 Dodging
 - Level 1.3 Stealth


You had 4 spell levels left.
You didn't know any spells.
Your spell library was empty.

Dungeon Overview and Level Annotations

Branches:
Dungeon (3/15)

Altars:

Annotations:
D:3 Ijyb


Innate Abilities, Weirdness & Mutations

You are small and have problems with some larger weapons.
You are completely attuned to the shadows.


Message History

No target in view!
No target in view!
There is a stone staircase leading down here.
Found a stone staircase leading up.
Ijyb the Twisted Goblin comes into view.
She is wielding a +0 club, wearing a +2 leather armour of cold resistance and carrying a wand of quicksilver.
You shoot an arrow. The arrow hits Ijyb but does no damage.
Ijyb shouts!
Unknown command.
You shoot an arrow. The arrow hits Ijyb.
The arrow burns Ijyb.
Ijyb is lightly wounded.
You shoot an arrow. The arrow hits Ijyb.
The arrow burns Ijyb.
Ijyb is moderately wounded.
You shoot an arrow. The arrow barely misses Ijyb.
Ijyb closely misses you.
Ijyb zaps a wand.
The bolt of dispelling energy misses you.
You shoot an arrow. The arrow hits Ijyb but does no damage.
Ijyb is moderately wounded.
Ijyb zaps a wand.
The bolt of dispelling energy hits you!
You shoot an arrow. The arrow hits Ijyb!
The arrow burns Ijyb.
Ijyb is almost dead.
Ijyb zaps a wand.
The bolt of dispelling energy hits you!
You are too injured to fight recklessly!
You are too injured to fight recklessly!
Unknown command.
You shoot an arrow. The arrow closely misses Ijyb.
Ijyb hits you with a +0 club.
* * * LOW HITPOINT WARNING * * *
Unknown command.
Unknown command.
You shoot an arrow. The arrow hits Ijyb but does no damage.
Ijyb is almost dead.
Ijyb hits you with a +0 club.
* * * LOW HITPOINT WARNING * * *
Ijyb zaps a wand.
The bolt of dispelling energy misses you.
Unknown command.
You feel better.
Ijyb zaps a wand.
The bolt of dispelling energy hits you!
* * * LOW HITPOINT WARNING * * *
You feel better.
Ijyb zaps a wand.
The bolt of dispelling energy hits you!
You die...

#....# #....#
#....# #....#
#....# #..g.#
##....# #@#
..†#.....# ##.#
...#.##..# #..#
#.....##.#####.##
##........#.....##
#......†#...>....#
.......##.........#
.......##.........#
.#.....##.........#


You could see Ijyb.

Vanquished Creatures
  6 adders
  A worm (D:2)
  2 dart slugs (D:2)
  2 bats (D:2)
  2 endoplasms
  3 goblins
  4 hobgoblins
  6 kobolds
  4 quokkas
  5 ball pythons
  6 frilled lizards
  3 rats (D:1)
44 creatures vanquished.

Notes
Turn   | Place    | Note
-------+----------+-------------------------------------------
     0 | D:1      | Newt the Kobold Hunter began the quest for the Orb.
     0 | D:1      | Reached XP level 1. HP: 12/12 MP: 1/1
   165 | D:1      | Reached XP level 2. HP: 18/18 MP: 2/2
   255 | D:1      | Found a faded altar of an unknown god.
   831 | D:1      | Reached XP level 3. HP: 23/23 MP: 3/3
   992 | D:2      | Reached XP level 4. HP: 30/30 MP: 4/4
  1229 | D:2      | Reached skill level 5 in Fighting
  1736 | D:3      | Reached XP level 5. HP: 35/35 MP: 5/5
  2006 | D:3      | Noticed Ijyb
  2016 | D:3      | Killed from afar by Ijyb

Illustrated notes

Levels and vault maps discovered:
D:1:      wander_arrival_peaceful_grave, layout_basic,
          hellmonk_ecumenical_altar_leap_of_faith, hangedman_decor_peaks_small
D:2:      layout_basic, nicolae_half_adder
D:3:      layout_rooms, mainiacjoe_overflow_small_starburst,
          cheibrodos_gnoll_hut, uniq_ijyb

Skill      XL: |  1  2  3  4 |
---------------+-------------+-----
Fighting       | 3 4 5 |  5.0
Ranged Weapons | |  5.8
Dodging        | |  2.4
Stealth        | |  1.3

Action                     |  1- 3 |  4- 6 || total
---------------------------+-------+-------++-------
   Fire: Shortbow          |    71 |    52 ||   123
    Use: Scroll            |     5 |     5 ||    10
         Potion            |       |     2 ||     2
 Armour: Leather armour    |    18 |    11 ||    29
  Dodge: Dodged            |    34 |    11 ||    45

Table legend: (Time is in decaauts)
 A = Elapsed time spent in this place.
 B = Non-inter-level travel time spent in this place.
 C = Inter-level travel time spent in this place.
 D = Time resting spent in this place.
 E = Time spent auto-exploring this place.
 F = Levels seen in this place.
 G = Mean time per level.
                   A        B        C        D        E       F      G
               +--------+--------+--------+--------+--------+-----+--------+
         Total |   2038 |   1934 |    104 |    235 |   1457 |   3 |  679.3 |
       Dungeon |   2038 |   1934 |    104 |    235 |   1457 |   3 |  679.3 |
               +--------+--------+--------+--------+--------+-----+--------+

Top non-repeatable levels by time:
     D:1: 905 daAuts
     D:2: 839 daAuts
     D:3: 293 daAuts
